 Dungeon Crawl Stone Soup version 0.26-a0-487-gbff1e92059 (webtiles) character file.

Game seed: 6218197717330087189

1308 KristoblXynda the Ruffian (level 8, -1/100 HPs)
             Began as a Troll Hedge Wizard on Aug 2, 2020.
             Was an Initiate of Ashenzari.
             Slain by an orc warrior
             ... wielding a +0 scimitar
              (10 damage)
             ... on level 6 of the Dungeon.
             The game lasted 00:07:01 (4870 turns).

KristoblXynda the Ruffian (Troll Hedge Wizard)      Turns: 4870, Time: 00:07:01

Health: -1/100     AC:  6    Str: 19    XL:     8   Next: 32%
Magic:  12/12      EV: 11    Int: 18    God:    Ashenzari [......]
Gold:   288        SH:  0    Dex:  9    Spells: 10/14 levels left

rFire    . . .     SeeInvis .     - Unarmed
rCold    + . .     Faith    .   (no shield)
rNeg     . . .     Spirit   .   b - +0 robe
rPois    .         Reflect  .   c - +0 hat
rElec    .         Harm     .   (no cloak)
rCorr    .                      (gloves unavailable)
MR       .....                  (boots unavailable)
Stlth    ..........             (no amulet)
HPRegen  0.66/turn              j - +6 ring of intelligence
MPRegen  0.13/turn              x - ring of protection from cold

@: berserking, very quick
A: large, unfitting armour, claws 3, regeneration 1, shaggy fur 1, tough skin 3
a: Curse Item, Renounce Religion


You were on level 6 of the Dungeon.
You worshipped Ashenzari.
Ashenzari was noncommittal.
You visited 2 branches of the dungeon, and saw 7 of its levels.

You collected 288 gold pieces.

Inventory:

Armour
 b - a +0 robe (worn)
 c - a +0 hat (worn)
Jewellery
 j - a +6 ring of intelligence (left claw)
 t - an uncursed ring of see invisible
 x - a ring of protection from cold (right claw)
Wands
 w - a wand of flame (5)
Scrolls
 f - 8 scrolls of remove curse
 g - 2 scrolls of teleportation
 h - a scroll of noise {unknown}
 i - a scroll of magic mapping {unknown}
 m - a scroll of enchant armour {unknown}
 s - a scroll of fog {unknown}
 u - 2 scrolls of amnesia {unknown}
 v - a scroll of random uselessness {unknown}
Potions
 k - 2 potions of curing
 l - 2 potions of stabbing {unknown}
 n - a potion of brilliance {unknown}
 o - a potion of haste
 p - 2 potions of mutation
 q - a potion of heal wounds {unknown}
 r - 2 potions of flight


   Skills:
 + Level 5.1 Dodging
 - Level 1.0 Stealth
 + Level 5.6 Unarmed Combat
 - Level 3.7 Spellcasting
 + Level 2.0 Conjurations
   Level 0.6 Summonings
   Level 0.6 Translocations


You had 10 spell levels left.
You knew the following spells:

 Your Spells              Type           Power        Failure   Level
a - Magic Dart            Conj           ##..         6%          1
b - Mephitic Cloud        Conj/Pois/Air  #.......     34%         3

Your spell library contained the following spells:

 Spells                   Type           Power        Failure   Level
 Beastly Appendage        Tmut           #.....       16%         1
 Blink                    Tloc           N/A          19%         2
 Call Imp                 Summ           #.......     19%         2
 Slow                     Hex            #.......     22%         2
 Wereblood                Tmut           #.......     22%         2
 Conjure Flame            Conj/Fire      #.......     30%         3
 Spider Form              Tmut/Pois      #.........   41%         3
 Ice Form                 Ice/Tmut       #.......     83%         4
 Blade Hands              Tmut           #.........   99%         5


Dungeon Overview and Level Annotations

Branches:
Dungeon (6/15)             Temple (1/1) D:4

Altars:
Ashenzari
Dithmenos
Elyvilon
Fedhas
Gozag
Hepliaklqana
Kikubaaqudgha
Nemelex Xobeh
Okawaru
Ru
Sif Muna
Trog
Uskayaw
Vehumet
Wu Jian
Xom
Yredelemnul
Zin
The Shining One

Shops:
D:4 [

Annotations:
D:3 2 transporters, anet's ghost, amateur GnNe
D:6 1 runed translucent door


Innate Abilities, Weirdness & Mutations

You are too large for most types of armour.
You have claws for hands.
Your natural rate of healing is unusually fast.
You are covered in fur. (AC +1)
You have extremely tough skin. (AC +3)


Message History

The orc warrior shouts!
You scratch the orc warrior but do no damage.
The orc warrior hits you with a +0 scimitar!!
You scratch the orc warrior but do no damage.
The orc warrior hits you with a +0 scimitar!!
* * * LOW HITPOINT WARNING * * *
Cast which spell? (? or * to list)
You don't know that spell.
Unknown command.
Items here: ! $ ) [ †.
A red film seems to cover your vision as you go berserk!
You feel yourself moving faster!
You feel mighty!
The orc warrior hits you with a +0 scimitar!
* * * LOW HITPOINT WARNING * * *
You scratch the orc warrior.
The orc warrior is moderately wounded.
You barely miss the orc warrior.
The orc warrior is moderately wounded.
The orc warrior hits you with a +0 scimitar!
You die...

.......[ ##..## ..###
.####.### .... ....
...##...# ##. ..#
...####.## ≈+ ..#
.........# ### ##..##
...####..# #.# ##....#
...#
#..######.######(.##...#
####
##.....#..##)..(......(..
#...>...o@).............
#####.#####............
#.# ########....o ###
..... ..... ....


You could see an orc warrior.

Vanquished Creatures
  Prince Ribbit (D:6)
  Edmund (D:4)
  Menkaure (D:4)
  Duvessa (D:6)
  3 phantoms (D:5)
  A big kobold (D:5)
  Dowan (D:6)
  2 scorpions
  A hound (D:5)
  An orc priest (D:6)
  Jessica (D:3)
  2 iguanas
  A worker ant (D:5)
  A hound skeleton (D:5)
  5 adders
  An adder zombie (D:6)
  A worm (D:3)
  2 dart slugs (D:1)
  9 orcs
  10 bats
  3 giant cockroaches
  5 hobgoblins
  6 jackals
  10 kobolds
  2 quokkas (D:3)
  5 frilled lizards
  5 goblins
  A jackal skeleton (D:5)
  A leopard gecko skeleton (D:4)
  5 rats
89 creatures vanquished.

Notes
Turn   | Place    | Note
-------+----------+-------------------------------------------
     0 | D:1      | KristoblXynda the Troll Hedge Wizard began the quest for
                  | the Orb.
     0 | D:1      | Reached XP level 1. HP: 16/16 MP: 2/2
     2 | D:1      | Noticed a vampire
     2 | D:1      | Noticed a ghoul
     4 | D:1      | Noticed a gargoyle
     4 | D:1      | Noticed a demigod
     6 | D:1      | Noticed a formicid
     6 | D:1      | Noticed a merfolk
     8 | D:1      | Noticed a draconian
     8 | D:1      | Noticed an elf
    10 | D:1      | Noticed a demonspawn
    10 | D:1      | Noticed a halfling
    12 | D:1      | Noticed a dwarf
    12 | D:1      | Noticed a human
    14 | D:1      | Noticed a tengu
    16 | D:1      | Noticed a felid
    18 | D:1      | Noticed an ogre
    18 | D:1      | Noticed a vine stalker
    20 | D:1      | Noticed a spriggan
    20 | D:1      | Noticed a naga
    22 | D:1      | Noticed a troll
    24 | D:1      | Noticed an octopode
    24 | D:1      | Noticed a centaur
    26 | D:1      | Noticed a minotaur
   244 | D:1      | Reached XP level 2. HP: 24/24 MP: 4/4
   388 | D:1      | Reached skill level 1 in Unarmed Combat
   703 | D:1      | Reached XP level 3. HP: 31/31 MP: 5/5
  1866 | D:3      | Noticed Jessica
  1894 | D:3      | Killed Jessica
  1894 | D:3      | Reached XP level 4. HP: 21/39 MP: 6/6
  2149 | D:3      | Found an ornate altar of the Wu Jian Council.
  2149 | D:3      | Found a bloodstained altar of Trog.
  2150 | D:3      | Found a shimmering blue altar of Sif Muna.
  2297 | D:3      | Found a transporter.
  2300 | D:3      | Noticed anet's ghost (amateur GnNe)
  2301 | D:3      | Found a transporter.
  2302 | D:3      | Identified the +11 great mace "Oxogaw" {speed, rN++ MR+}
  2302 | D:3      | Noticed an ogre
  2302 | D:3      | Noticed an ogre
  2302 | D:3      | Noticed an ogre
  2654 | D:4      | Noticed Edmund
  2676 | D:4      | Killed Edmund
  2676 | D:4      | Reached XP level 5. HP: 11/45 MP: 6/8
  3055 | D:4      | Found a hide-covered altar of Uskayaw.
  3266 | D:4      | Found Voufigatz's Antique Armour Boutique.
  3287 | D:4      | Noticed Menkaure
  3300 | D:4      | Killed Menkaure
  3300 | D:4      | Reached XP level 6. HP: 29/53 MP: 9/9
  3381 | D:4      | Found a staircase to the Ecumenical Temple.
  3391 | Temple   | Entered the Ecumenical Temple
  3451 | Temple   | Became a worshipper of Ashenzari the Shackled
  3915 | D:5      | Entered Level 5 of the Dungeon
  3972 | D:5      | Reached XP level 7. HP: 26/59 MP: 10/10
  4394 | D:5      | Learned a level 3 spell: Mephitic Cloud
  4557 | D:5      | Found a white marble altar of Elyvilon.
  4558 | D:5      | Found a glowing golden altar of the Shining One.
  4562 | D:5      | Found a glowing silver altar of Zin.
  4608 | D:6      | Noticed Duvessa
  4717 | D:6      | Reached skill level 5 in Unarmed Combat
  4735 | D:6      | Found a runed translucent door.
  4746 | D:6      | Noticed Dowan
  4759 | D:6      | Noticed Prince Ribbit
  4779 | D:6      | Killed Duvessa
  4779 | D:6      | Reached skill level 1 in Conjurations
  4779 | D:6      | Reached XP level 8. HP: 34/67 MP: 12/12
  4785 | D:6      | Killed Dowan
  4791 | D:6      | Killed Prince Ribbit
  4791 | D:6      | Reached skill level 5 in Dodging
  4870 | D:6      | Slain by an orc warrior

Illustrated notes

Levels and vault maps discovered:
D:1:      kb_arrival_jail, layout_basic
D:2:      layout_basic
D:3:      layout_loops_ring, nicolae_overflow_hidden_temple,
          gammafunk_ghost_smash, item_on_display_a, uniq_jessica
D:4:      layout_loops_ring, kennysheep_mini, temple_hall, serial_shops,
          shop_fountains, uniq_menkaure, uniq_edmund
D:5:      layout_basic, good_gods_temple_1
D:6:      layout_rooms, ebering_ghost_sewer_d, nicolae_zen_rock_garden,
          uniq_blork_the_orc, uniq_prince_ribbit1, uniq_duvessa
Temple:   minmay_temple_bridge_abc

Skill      XL: |  1  2  3  4  5  6  7  8 |
---------------+-------------------------+-----
Unarmed Combat | 1 2 3 4 5 |  5.6
Dodging        | 2 3 4 5 |  5.1
Spellcasting   | 3 |  3.7
Conjurations   | 1 2 |  2.0
Stealth        | |  1.0
Summonings     | |  0.6
Translocations | |  0.6

Action                   |  1- 3 |  4- 6 |  7- 9 || total
-------------------------+-------+-------+-------++-------
Melee: Unarmed           |   174 |   130 |    90 ||   394
       Punch             |     1 |     1 |       ||     2
Evoke: Wand              |       |       |     7 ||     7
  Use: Scroll            |       |     4 |     3 ||     7
       Potion            |       |     3 |     3 ||     6
Armor: Robe              |    90 |    47 |    23 ||   160
       Skin              |       |     2 |    34 ||    36
Dodge: Dodged            |   110 |    73 |    40 ||   223

Table legend: (Time is in decaauts)
 A = Elapsed time spent in this place.
 B = Non-inter-level travel time spent in this place.
 C = Inter-level travel time spent in this place.
 D = Time resting spent in this place.
 E = Time spent auto-exploring this place.
 F = Levels seen in this place.
 G = Mean time per level.
                   A        B        C        D        E       F      G
               +--------+--------+--------+--------+--------+-----+--------+
         Total |   4857 |   4651 |    206 |    685 |   3025 |   7 |  693.9 |
       Dungeon |   4617 |   4455 |    162 |    685 |   2859 |   6 |  769.5 |
        Temple |    240 |    196 |     44 |      0 |    166 |   1 |  240.0 |
               +--------+--------+--------+--------+--------+-----+--------+

Top non-repeatable levels by time:
     D:4: 1152 daAuts
     D:2: 922 daAuts
     D:3: 818 daAuts
     D:1: 780 daAuts
     D:5: 722 daAuts
  Temple: 240 daAuts
     D:6: 221 daAuts
